 Dungeon Crawl Stone Soup version 0.27-a0-1565-gad902ab807 (webtiles) character file.

Game seed: 11788705783848665196

15 flotson the Sneak (level 2, -1/24 HPs)
             Began as a Mummy Delver on July 16, 2021.
             Slain by Natasha (6 damage)
             ... on level 4 of the Dungeon.
             The game lasted 00:00:35 (206 turns).

flotson the Sneak (Mummy Delver)                     Turns: 206, Time: 00:00:37

Health: -1/24      AC:  3    Str: 15    XL:     2   Next: 34%
Magic:  2/2        EV: 11    Int:  9    God:
Gold:   66         SH:  0    Dex: 13    Spells: 1/1 levels left

rFire    x . .     SeeInvis .   a - +0 hand axe
rCold    + . .     Faith    .   (no shield)
rNeg     + + +     Spirit   .   b - +0 leather armour
rPois    ∞         Reflect  .   (no helmet)
rElec    .         Harm     .   (no cloak)
rCorr    .         Rampage  .   (no gloves)
Will     .....                  (no boots)
Stlth    ++........             (no amulet)
HPRegen  0.08/turn              (no ring)
MPRegen  0.08/turn              (no ring)

@: slowed, very slow
A: cold resistance 1, negative energy resistance 3, torment resistance 2, heat
vulnerability 1, no potions
a: no special abilities


You were on level 4 of the Dungeon.
You visited 1 branch of the dungeon, and saw 2 of its levels.

You collected 94 gold pieces.
You spent 28 gold pieces at shops.

Inventory:

Hand Weapons
 a - a +0 hand axe (weapon)
Armour
 b - a +0 leather armour (worn)
Wands
 f - a wand of digging (3)
Scrolls
 c - a scroll of fog
 d - a scroll of magic mapping
 e - a scroll of fear
 g - a scroll of identify


   Skills:
 + Level 3.1 Fighting
 + Level 1.8 Axes
 + Level 0.4 Armour
 + Level 1.8 Dodging
 - Level 4.1 Stealth
 + Level 0.4 Evocations


You had one spell level left.
You didn't know any spells.
Your spell library was empty.

Dungeon Overview and Level Annotations

Branches:
Dungeon (5/15)
 Temple: D:4-7

Altars:

Shops:
D:5 ?

Annotations:
D:4 Natasha


Innate Abilities, Weirdness & Mutations

You are immune to poison.
Your flesh is cold resistant. (rC+)
You are immune to negative energy. (rN+++)
You are immune to unholy pain and torment.
You are vulnerable to heat. (rF-)
You do not drink.


Message History

Natasha is moderately wounded.
Natasha casts a spell at you.
You feel yourself slow down.
You barely miss Natasha.
Natasha is moderately wounded.
Natasha casts a spell at you. You resist with significant effort.
Natasha claws you!
You hit Natasha.
Natasha is severely wounded.
Natasha casts a spell at you.
You feel as though you will be slow longer.
You barely miss Natasha.
Natasha is severely wounded.
Natasha claws you. Natasha barely misses you.
You are too injured to fight recklessly!
You are too injured to fight recklessly!
You are too injured to fight recklessly!
You are too injured to fight recklessly!
You are too injured to fight recklessly!
You are too injured to fight recklessly!
You hit Natasha.
Natasha is almost dead.
Natasha completely misses you.
Natasha mumbles some strange words.
Natasha's front paws start to glow.
Natasha barely misses you.
You barely miss Natasha.
Natasha is almost dead.
Natasha mumbles some strange words.
You feel disoriented. Natasha closely misses you. Natasha casts a spell at you.
You resist with significant effort.
You barely miss Natasha.
Natasha is almost dead.
Natasha casts a spell at you. The magic dart hits you.
* * * LOW HITPOINT WARNING * * *
Natasha claws you.
You die...

.. #! .. #.
##.##
#.##...#######
#.....h.......
#..@#
.......##
#######


You could see Natasha.

Vanquished Creatures
  A hound zombie (D:5)
1 creature vanquished.

Notes
Turn   | Place    | Note
-------+----------+-------------------------------------------
     0 | D:5      | flotson the Mummy Delver began the quest for the Orb.
     0 | D:5      | Reached XP level 1. HP: 18/18 MP: 1/1
     2 | D:5      | Found Duc Nas's Magic Scroll Emporium.
    23 | D:5      | Bought a scroll of identify for 28 gold pieces
    73 | D:5      | Reached XP level 2. HP: 14/24 MP: 2/2
   105 | D:4      | Noticed Natasha
   206 | D:4      | Slain by Natasha

Illustrated notes

Levels and vault maps discovered:
D:4:      layout_loops_ring, gammafunk_temple_overflow_arena, fedhas_altar_3,
          minmay_temple_entry_large_hall, minmay_misc_feat_hallway, uniq_natasha
D:5:      layout_loops_ring, serial_shops, shop_coins, minmay_fire_ice_demons,
          uniq_edmund, uniq_crazy_yiuf_cottage

Action                   || total
-------------------------++-------
Melee: Hand axe          ||    17
 Stab: Sleeping          ||     1
Armor: Leather armour    ||     1
Dodge: Dodged            ||    14

Table legend: (Time is in decaauts)
 A = Elapsed time spent in this place.
 B = Non-inter-level travel time spent in this place.
 C = Inter-level travel time spent in this place.
 D = Time resting spent in this place.
 E = Time spent auto-exploring this place.
 F = Levels seen in this place.
 G = Mean time per level.
                   A        B        C        D        E       F      G
               +--------+--------+--------+--------+--------+-----+--------+
         Total |    213 |    181 |     32 |     90 |     59 |   2 |  106.5 |
       Dungeon |    213 |    181 |     32 |     90 |     59 |   2 |  106.5 |
               +--------+--------+--------+--------+--------+-----+--------+

Top non-repeatable levels by time:
     D:5: 199 daAuts
     D:4: 13 daAuts
